 Dungeon Crawl Stone Soup version 0.30-a0-241-g1121274140 (webtiles) character file.

Game seed: 11048156904591475082

11 KennySheep the Insei (level 2, 0/34 HPs)
             Began as a Demigod Transmuter on Oct 10, 2022.
             Slain by Terence
             ... wielding a +0 flail
              (5 damage)
             ... on level 2 of the Dungeon.
             The game lasted 00:01:34 (824 turns).

KennySheep the Insei (Demigod Transmuter)            Turns: 824, Time: 00:01:35

Health: 0/34       AC: 21    Str: 11    XL:     2   Next: 6%
Magic:  5/7        EV:  2    Int: 15    God:
Gold:   32         SH:  0    Dex: 14    Spells: 3/4 levels left

rFire   . . .      SeeInvis .      - Unarmed
rCold   . . .      Faith    .    (no shield)
rNeg    . . .      Spirit   .    (body armour currently unavailable)
rPois   +          Reflect  .    (helmet currently unavailable)
rElec   .          Harm     .    (cloak currently unavailable)
rCorr   .          Rampage  .    (gloves currently unavailable)
Will    .....      NoTele   +    (boots currently unavailable)
Stlth   +.........               (no amulet)
HPRegen 0.25/turn                (no ring)
MPRegen 0.10/turn                (no ring)

@: tree-form, very slightly contaminated
A: stationary, stasis, torment immunity, boosted hp, high MP 1, forlorn, divine
attributes
a: no special abilities


You were on level 2 of the Dungeon.
You were a tree.
You visited 1 branch of the dungeon, and saw 2 of its levels.

You collected 32 gold pieces.

Inventory:

Armour
 a - a +0 robe (melded)
Jewellery
 e - a +6 ring of strength
Scrolls
 c - a scroll of noise {unknown}
 d - a scroll of identify {unknown}
 f - a scroll of torment {unknown}
 g - a scroll of magic mapping {unknown}
Potions
 b - a potion of lignification
 h - a potion of ambrosia {unknown}


   Skills:
 + Level 1.1 Fighting
 + Level 1.9 Dodging
 + Level 2.9 Unarmed Combat
 - Level 1.7 Spellcasting
 * Level 2.0 Transmutations
 * Level 0.2 Ice Magic


You had 3 spell levels left.
You knew the following spells:

 Your Spells              Type           Power      Damage    Failure   Level
a - Beastly Appendage     Tmut           14%        N/A       10%         1

Your spell library contained the following spells:

 Spells                   Type           Power      Damage    Failure   Level
 Wereblood                Tmut           7%         N/A       16%         2
 Shock                    Conj/Air       4%         1d3       22%         1
 Spider Form              Tmut/Pois      4%         N/A       41%         3
 Swiftness                Air            1%         N/A       56%         3
 Ice Form                 Ice/Tmut       4%         N/A       80%         4
 Airstrike                Air            0%         2d(1-17)  92%         4


Dungeon Overview and Level Annotations

Branches:
Dungeon (2/15)

Annotations:
D:2 Terence


Innate Abilities, Weirdness & Mutations

You are a tree.
Your roots penetrate the ground, keeping you stationary.
You cannot be teleported.
You are immune to unholy pain and torment.
Your maximum health is greatly increased.
Your equipment is partially melded.
You have an increased reservoir of magic. (+10% MP)
You shall have no god before yourself.
Your divine heritage dramatically boosts your attributes as you level up.


Message History

Your transformation is almost over.
Magic restored.
b - 2 potions of lignification (gained 1)
Your horns disappear.
Your talons disappear.
You see here a +0 club.
You now have 32 gold pieces (gained 6).
Done exploring.
Done exploring.
Done exploring.
There is a stone staircase leading down here.
You climb downwards.
Found a cabochon ring.
There is a stone staircase leading up here.
Casting: Beastly Appendage (safe; 10% risk of failure)
Confirm with . or Enter, or press ? or * to list all spells.
You miscast Beastly Appendage.
You are very lightly contaminated with residual magic.
Nothing appears to happen.
Terence shouts!
The kobold shouts!
Casting: Beastly Appendage (safe; 10% risk of failure)
Confirm with . or Enter, or press ? or * to list all spells.
You grow a pair of large bovine horns.
Your feet morph into talons.
Terence barely misses you.
You hit Terence but do no damage. Your headbutt misses Terence.
Terence barely misses you.
You hit Terence.
Terence is lightly wounded.
Terence hits you with a +0 flail!
Ouch! That really hurt!
Terence attacks as you move away! Terence barely misses you.
You hit Terence but do no damage. Your kick misses Terence.
Your headbutt misses Terence.
Terence is lightly wounded.
Terence hits you with a +0 flail!
* * * LOW HITPOINT WARNING * * *
Really quaff the potion of lignification?
Your horns disappear.
Your talons disappear.
You turn into a tree.
Your +0 robe melds into your body.
Your roots penetrate the ground.
Terence hits you with a +0 flail.
You die...

#.. #..
... #.# #
#.#.#
#.#.###.#
#K......#
#@# #♣#
#.# #.#
#=# #.#
#.. ###


You could see Terence and a kobold.

Vanquished Creatures
  An endoplasm (D:1)
  2 goblins (D:1)
  A hobgoblin (D:1)
  2 quokkas (D:1)
  A ball python (D:1)
  2 bats (D:1)
  A frilled lizard (D:1)
  A rat (D:1)
11 creatures vanquished.

Notes
Turn   | Place    | Note
-------+----------+-------------------------------------------
     0 | D:1      | KennySheep the Demigod Transmuter began the quest for the
                  | Orb.
     0 | D:1      | Reached XP level 1. HP: 15/15 MP: 5/5
    75 | D:1      | Reached skill level 1 in Fighting
   435 | D:1      | Reached XP level 2. HP: 7/23 MP: 5/7
   817 | D:2      | Noticed Terence
   824 | D:2      | Slain by Terence

Illustrated notes

Levels and vault maps discovered:
D:1:      tarquinn_simple_flora_water_f, layout_basic
D:2:      layout_loops_corners, shapermc_ecumenical_altar_gd,
          chequers_hall_statues_corner_a, uniq_terence

Skill      XL: |  1 |
---------------+----+-----
Fighting       | 1 |  1.1
Transmutations | 2 |  2.0
Dodging        | |  1.9
Unarmed Combat | |  2.9
Spellcasting   | |  1.7
Ice Magic      | |  0.2

Action                   || total
-------------------------++-------
Melee: Unarmed           ||    36
       Kick              ||     3
       Headbutt          ||     1
 Cast: Beastly Appendage ||     5
  Use: Potion            ||     1
Armor: Robe              ||     8
Dodge: Dodged            ||    25

Table legend: (Time is in decaauts)
 A = Elapsed time spent in this place.
 B = Non-inter-level travel time spent in this place.
 C = Inter-level travel time spent in this place.
 D = Time resting spent in this place.
 E = Time spent auto-exploring this place.
 F = Levels seen in this place.
 G = Mean time per level.
                   A        B        C        D        E       F      G
               +--------+--------+--------+--------+--------+-----+--------+
         Total |    822 |    787 |     35 |     68 |    624 |   2 |  411.0 |
       Dungeon |    822 |    787 |     35 |     68 |    624 |   2 |  411.0 |
               +--------+--------+--------+--------+--------+-----+--------+

Top non-repeatable levels by time:
     D:1: 815 daAuts
     D:2: 6 daAuts
